AoeStats
← Ateir

Nomad

510558362Analyzed
2v2 RM · 24h ago on Oct 1, 2026· 22m 1s· 4 players
Game mode
Random Map
Map size
176×176
Population
200
Speed
Normal
Resources
Standard
Victory
Conquest
Starting age
Dark Age
Ending age
Imperial Age
RankedLock teamsTeams togetherTeam positionsShared explorationLock speedFull tech treeHidden civsTurbo modeCheats
Victory
Defeat
🇫🇷 Persians · France
908
+15
🇨🇳 Spanish · China
865
+17
🇳🇴 Huns · Norway
948
-19
🇳🇴 Khmer · Norway
820
-13
sarfaoui4
5:23 Loom
13:24 Feudal Age
15:28 Forging
15:25 Scale Barding Armor
17:48 Castle Age
16:52 Bloodlines
16:28 Fishing Lines
21:51 Chain Barding Armor
22:18 Wheelbarrow
?!
17:00 Feudal Age
23:13 Castle Age
Ateir
10:56 Feudal Age
15:50 Wheelbarrow
15:42 Double-Bit Axe
19:32 Bloodlines
20:05 Horse Collar
SalatNOR
13:20 Feudal Age
12:33 Loom
15:16 Scale Barding Armor
15:40 Forging
17:24 Fletching
21:47 Double-Bit Axe
Connection lost

Rejoining the realm…

Still unreachable

The connection could not be restored.

Session expired

The server has moved on; the page needs a fresh start.